 Dungeon Crawl Stone Soup version 0.31-a0-810-ga77100ea1a (webtiles) character file.

Game seed: 3054451350568902735

4 randomguy2701 the Trooper (level 1, -8/24 HPs)
             Began as an Ogre Delver on Sept 22, 2023.
             Splashed by a jelly's acid (12 damage)
             ... on level 4 of the Dungeon.
             The game lasted 00:00:36 (57 turns).

randomguy2701 the Trooper (Ogre Delver)               Turns: 57, Time: 00:00:37

Health: -8/24      AC: -1    Str: 15    XL:     1   Next: 70%
Magic:  1/1        EV:  9    Int: 11    God:
Gold:   0          SH:  0    Dex: 10    Spells: 0/0 levels left

rFire   . . .        a - +0 hand axe
rCold   . . .        (no shield)
rNeg    . . .        b - +0 robe
rPois   .            (helmet restricted)
rElec   .            (no cloak)
rCorr   .            (gloves unavailable)
SInv    .            (boots unavailable)
Will    .....        (no amulet)
Stlth   ++           (no ring)
HPRegen 0.24/turn    (no ring)
MPRegen 0.07/turn

%: no passive effects
@: corroded
A: large, unfitting armour, tough skin 1
a: no special abilities


You were on level 4 of the Dungeon.
You visited 1 branch of the dungeon, and saw 2 of its levels.

Inventory:

Hand Weapons
 a - a +0 hand axe (weapon)
Armour
 b - a +0 robe (worn)
 i - a +0 plate armour
Wands
 g - a wand of digging (3)
Scrolls
 c - a scroll of fog
 d - a scroll of revelation
 e - a scroll of fear
 h - a scroll of identify {unknown}
Potions
 f - a potion of haste


   Skills:
 + Level 4.0 Fighting
 + Level 2.0 Axes
 + Level 1.7 Dodging
 + Level 3.9 Stealth


You couldn't memorise any spells.
You didn't know any spells.
Your spell library was empty.

Dungeon Overview and Level Annotations

Branches:
Dungeon (5/15)
 Temple: D:4-7

Altars:


Innate Abilities, Weirdness & Mutations

You are too large for most types of armour.
You have tough skin. (AC +1)


Message History

No target in view!
An orc comes into view. It is wielding a +0 short sword.
The orc shouts!
You closely miss the orc.
The orc hits you with a +0 short sword. x2
You slash the orc!
You kill the orc!
A jackal comes into view.
The jackal barks!
The jackal moves out of view.
You see here a +0 short sword.
An endoplasm comes into view.
You miss the jackal. The jackal bites you.
You hit the jackal.
You kill the jackal!
Found a sling, a scroll labelled WIKOWNUPNU and a plate armour.
Found 12 gold pieces.
Found an orange potion and 17 gold pieces.
h - a scroll labelled WIKOWNUPNU
Found 12 gold pieces.
The jelly hits you but does no damage. The jelly closely misses you.
You see here a +0 plate armour.
i - a +0 plate armour The jelly hits you.
You are splashed with acid!
The jelly attacks as it pursues you! The jelly barely misses you.
The jelly attacks as it pursues you! The jelly closely misses you.
The jelly attacks as it pursues you! The jelly closely misses you.
The jelly attacks as it pursues you! The jelly barely misses you.
The jelly attacks as it pursues you! The jelly hits you.
You are splashed with acid!
* * * LOW HITPOINT WARNING * * *
The jelly attacks as it pursues you! The jelly closely misses you.
The jelly attacks as it pursues you! The jelly hits you but does no damage.
The jelly attacks as it pursues you! The jelly closely misses you.
Found a sharpened lead wand.
The jelly attacks as it pursues you! The jelly hits you.
* * * LOW HITPOINT WARNING * * *
The acid corrodes you!
You are splashed with acid!
Ouch! That really hurt!
You die...

###.#...#.###...#
#.#.#$.........)#.#.#
#...###.#...#.###...#
#.......##.##..)...##
#..#.#.........#.#.# #
#.$...#.#.....#.# ../
###.#.#!#.#.###.#
.....####...###...###.#
.......@J.............#
##.#########.#...####.#
#...#.# .# ##....#
######


You could see a jelly.

Vanquished Creatures
  An orc (D:4)
  An endoplasm (D:4)
  A jackal (D:4)
3 creatures vanquished.

Notes
Turn   | Place    | Note
-------+----------+-------------------------------------------
     0 | D:5      | randomguy2701 the Ogre Delver began the quest for the Orb.
     0 | D:5      | Reached XP level 1. HP: 24/24 MP: 1/1
     5 | D:5      | Noticed a phantom
     8 | D:4      | Noticed a jelly
    57 | D:4      | Splashed by a jelly's acid

Illustrated notes

Levels and vault maps discovered:
D:4:      layout_basic, nicolae_hexahallways, hex_medium,
          minmay_fractal_squares_5, uniq_edmund
D:5:      layout_rooms, kennysheep_slug_shrine, lemuel_tele_altar,
          nicolae_yredelemnul_corpse_copse, gammafunk_temple_overflow_statue,
          nicolae_shop_overcharged_wands

Action                     || total
---------------------------++-------
  Melee: Hand axe          ||     8
 Armour: Robe              ||    11
  Dodge: Dodged            ||     7

Table legend: (Time is in decaauts)
 A = Elapsed time spent in this place.
 B = Non-inter-level travel time spent in this place.
 C = Inter-level travel time spent in this place.
 D = Time resting spent in this place.
 E = Time spent auto-exploring this place.
 F = Levels seen in this place.
 G = Mean time per level.
                   A        B        C        D        E       F      G
               +--------+--------+--------+--------+--------+-----+--------+
         Total |     58 |     58 |      0 |      0 |      0 |   2 |   29.0 |
       Dungeon |     58 |     58 |      0 |      0 |      0 |   2 |   29.0 |
               +--------+--------+--------+--------+--------+-----+--------+

Top non-repeatable levels by time:
     D:4: 52 daAuts
     D:5: 6 daAuts
